AoeStats
← Ancrypto

Black Forest

510094174Analyzed
3v3 RM · 2d ago on Sep 29, 2026· 44m 29s· 6 players
Game mode
Random Map
Map size
Normal (6 player)
Population
200
Speed
Normal
Resources
Standard
Victory
Conquest
Starting age
Dark Age
Ending age
Imperial Age
RankedLock teamsTeams togetherTeam positionsShared explorationLock speedFull tech treeHidden civsTurbo modeCheats
Victory
Defeat
🇨🇱 Franks · Chile
916
+15
🇺🇸 Persians · United States
870
+17
🇲🇽 Burgundians · Mexico
829
+19
🇳🇱 Vietnamese · Netherlands
1088
-25
🇳🇱 Portuguese · Netherlands
797
-31
🇳🇱 Spanish · Netherlands
797
-31
Kris
13:41 Feudal Age
18:09 Castle Age
16:45 Double-Bit Axe
17:44 Stone Mining
17:38 Horse Collar
17:52 Gold Mining
18:58 Bow Saw
31:35 Imperial Age
29:41 Wheelbarrow
29:48 Wheelbarrow
29:00 Loom
29:40 Heavy Plow
29:30 Town Watch
30:28 Kamandaran
29:51 Crossbowman
30:36 Thumb Ring
30:56 Hand Cart
30:46 Padded Archer Armor
31:41 Town Patrol
32:06 Ballistics
32:23 Conscription
32:11 Thumb Ring
33:13 Chemistry
35:13 Two-Man Saw
34:47 Citadels
34:24 Elite War Elephant
36:27 Scale Barding Armor
36:23 Scale Mail Armor
36:34 Forging
36:34 Husbandry
36:44 Bloodlines
39:43 Gold Shaft Mining
39:24 Fletching
39:50 Leather Archer Armor
40:18 Crop Rotation
40:08 Bloodlines
39:18 Light Cavalry
42:18 Stone Shaft Mining
43:01 Light Cavalry
j.quintero_1988
1:07 Loom
11:48 Wheelbarrow
13:54 Feudal Age
17:55 Castle Age
27:05 Imperial Age
27:22 Fervor
28:52 Chemistry
mc174
10:05 Loom
12:16 Feudal Age
12:55 Double-Bit Axe
17:16 Castle Age
15:54 Stone Mining
21:43 Murder Holes
33:45 Ballistics
33:38 Fortified Wall
35:07 Bow Saw
40:33 Imperial Age
39:34 Wheelbarrow
38:56 Fletching
39:06 Padded Archer Armor
40:04 Bodkin Arrow
40:53 Hand Cart
40:57 Gold Mining
40:51 Treadmill Crane
42:39 Chemistry
41:34 Elite Throwing Axeman
42:50 Cavalier
43:31 Husbandry
43:47 Chivalry
44:10 Conscription
44:07 Forging
44:02 Scale Barding Armor
44:14 Paladin
Licrovan
15:26 Feudal Age
16:05 Loom
17:45 Double-Bit Axe
34:12 Wheelbarrow
39:12 Castle Age
Ancrypto
11:04 Feudal Age
16:56 Castle Age
18:13 Wheelbarrow
20:02 Man-at-Arms
20:49 Long Swordsman
37:36 Imperial Age
39:24 Capped Ram
ZeChaos
12:11 Feudal Age
17:26 Castle Age
15:38 Double-Bit Axe
15:48 Horse Collar
21:06 Bow Saw
22:25 Heavy Plow
25:12 Gold Mining
26:22 Loom
27:12 Wheelbarrow
26:22 Town Watch
29:20 Imperial Age
27:28 Wheelbarrow
27:32 Fletching
27:42 Padded Archer Armor
28:36 Hand Cart
29:05 Bodkin Arrow
29:25 Leather Archer Armor
29:33 Ballistics
30:13 Leather Archer Armor
31:14 Chemistry
30:38 Elite Rattan Archer
Connection lost

Rejoining the realm…

Still unreachable

The connection could not be restored.

Session expired

The server has moved on; the page needs a fresh start.